 Dungeon Crawl Stone Soup version 0.22-a0-417-g1387785 (webtiles) character file.

109447 4thArraOfDagon the Executioner (level 16, -7/128 HPs)
             Began as a Hill Orc Enchanter on May 13, 2018.
             Was a High Priest of Lugonu.
             Mangled by an orc warrior
             ... wielding a +0 scimitar
             ... led by the wrath of Beogh
              (27 damage)
             ... on level 2 of the Elven Halls on May 14, 2018.
             The game lasted 02:06:15 (23929 turns).

4thArraOfDagon the Executioner (HOEn)              Turns: 23929, Time: 02:06:17

Health: -7/128     AC: 26    Str: 13    XL:     16   Next: 52%
Magic:  0/26       EV: 15    Int: 25    God:    Lugonu [*****.]
Gold:   24         SH:  0    Dex: 21    Spells: 3/23 levels left

rFire    + + .     SeeInvis +   R - +9 glaive of the Several Moons {freeze, +Inv rF++ rC- rN+}
rCold    . . .     Gourm    .   (shield currently unavailable)
rNeg     + + .     Faith    +   A - +3 ring mail of the Sturgeon {+Inv Dex+6 Slay+2 SInv}
rPois    .         Spirit   +   l - +2 hat of the Bear Spirit {Spirit, +Rage rN+ MR++}
rElec    .         Reflect  .   M - +2 cloak "Tauzeses" {Dex+2}
rCorr    .         Harm     .   W - +3 pair of gauntlets of War {Slay+5}
MR       +++..     Clarity  +   i - +1 pair of boots
Stlth    ++........             q - amulet of faith
HPRegen  1.31/turn              O - +5 ring of protection
MPRegen  0.20/turn              P - +5 ring of intelligence

@: regenerating (expiring)
A: agile 1, clarity, cold resistance 1
a: Depart the Abyss, Bend Space, Banish, Corrupt, Enter the Abyss, Renounce
Religion, Evoke Berserk Rage, Evoke Invisibility


You were on level 2 of the Elven Halls.
You worshipped Lugonu.
Lugonu was extremely pleased with you.
You were not hungry.

You visited 4 branches of the dungeon, and saw 26 of its levels.
You visited the Abyss 1 time.
You also visited: Ice Cave.

You collected 3086 gold pieces.
You spent 3062 gold pieces at shops.

Inventory:

Hand Weapons
 s - a +0 blowgun
 t - the +5 shortbow of Coliusucw {venom, rElec rF+ rC+}
   (You found it on level 13 of the Dungeon)

   It poisons the ammo it fires.
   It protects you from fire.
   It protects you from cold.
   It insulates you from electricity.
 y - a +2 war axe of venom
 B - a +3 war axe of flaming
 R - the +9 glaive of the Several Moons (weapon) {freeze, +Inv rF++ rC- rN+}
   (You found it on level 3 of the Abyss)

   It has been specially enchanted to freeze those struck by it, causing extra
   injury to most foes and up to half again as much damage against particularly
   susceptible opponents.
   It can also slow down cold-blooded creatures.
   It greatly protects you from fire.
   It makes you vulnerable to cold.
   It protects you from negative energy.
   It lets you turn invisible.
Missiles
 V - 9 curare-tipped needles
Armour
 h - the +1 robe of Wusej (quivered) {SInv}
   (You found it on level 2 of the Lair of Beasts)

   It lets you see invisible.
 i - a +1 pair of boots (worn)
 l - the +2 hat of the Bear Spirit (worn) {Spirit, +Rage rN+ MR++}
   (You found it on level 4 of the Lair of Beasts)

   It protects you from negative energy.
   It affects your resistance to hostile enchantments.
   It lets you go berserk.
 A - the +3 ring mail of the Sturgeon (worn) {+Inv Dex+6 Slay+2 SInv}
   (You bought it in a shop on level 2 of the Orcish Mines)

   It affects your dexterity (+6).
   It affects your accuracy and damage with ranged weapons and melee attacks
   (+2).
   It lets you see invisible.
   It lets you turn invisible.
 M - the +2 cloak "Tauzeses" (worn) {Dex+2}
   (You bought it in a shop on level 3 of the Elven Halls)

   It affects your dexterity (+2).
 W - the +3 pair of gauntlets of War (worn) {Slay+5}
   (You bought it in a shop on level 2 of the Orcish Mines)

   It affects your accuracy and damage with ranged weapons and melee attacks
   (+5).
Magical Staves
 H - an uncursed staff of earth
Jewellery
 m - a +5 ring of intelligence
 q - an amulet of faith (around neck)
 u - an uncursed amulet of magic regeneration
 L - an uncursed ring of ice
 O - a +5 ring of protection (left hand)
 P - a +5 ring of intelligence (right hand)
 S - an uncursed ring of protection from cold
 U - an uncursed ring of protection from magic
 X - an uncursed ring of protection from fire
Wands
 b - a wand of enslavement (19)
 E - a wand of iceblast (7)
 I - a wand of digging (4)
 T - a wand of paralysis (2)
Scrolls
 e - 5 scrolls of magic mapping
 f - 7 scrolls of teleportation
 k - 3 scrolls of blinking
 o - 3 scrolls of fear
 v - 4 scrolls of remove curse
 D - 2 scrolls of immolation
 F - 2 scrolls of enchant weapon
 Y - a scroll of silence
Potions
 c - 4 potions of haste
 g - 6 potions of might
 j - 4 potions of mutation
 n - 7 potions of cancellation
 r - a potion of flight
 x - 2 potions of magic
 z - 3 potions of lignification
 C - 2 potions of brilliance
 G - 9 potions of heal wounds
 J - 5 potions of resistance
 K - 4 potions of curing
 Q - 2 potions of agility
 Z - 2 potions of invisibility
Miscellaneous
 a - a box of beasts
 p - a sack of spiders
 w - a lightning rod (inert)
Comestibles
 d - 45 rations
 N - 4 chunks of flesh


   Skills:
 - Level 8.2 Fighting
   Level 3.6 Short Blades
 * Level 23.9 Axes
 - Level 6.4 Armour
 + Level 5.9 Dodging
 - Level 2.4 Stealth
 - Level 4.1 Spellcasting
   Level 3.0 Hexes
 - Level 4.0 Charms
 - Level 6.0 Necromancy
 - Level 5.0 Translocations
 * Level 2.4 Earth Magic
 - Level 14.2 Invocations
 * Level 5.6 Evocations


You had 3 spell levels left.
You knew the following spells:

 Your Spells              Type           Power        Failure   Level  Hunger
a - Borgnjor's Vile Clut  Necr/Erth      ####......   63%         5    #####..
d - Lee's Rapid Deconstr  Erth           ###.......   87%         5    #####..
e - Regeneration          Chrm/Necr      ####......   7%          3    ##.....
f - Blink                 Tloc           N/A          3%          2    None
g - Apportation           Tloc           ####..       2%          1    None
h - Passage of Golubria   Tloc           N/A          22%         4    ####...

Your spell library contained the following spells:

 Spells                   Type           Power        Failure   Level  Hunger
 Cause Fear               Hex            ###.......   45%         4    ####...
 Magic Dart               Conj           #...         17%         1    None
 Fireball                 Conj/Fire      #.........   99%         5    #####..
 Conjure Flame            Conj/Fire      #.......     45%         3    ##.....
 Slow                     Hex            ###.....     8%          2    None
 Confuse                  Hex            ###.....     16%         3    ##.....
 Throw Flame              Conj/Fire      #.....       26%         2    None
 Freezing Cloud           Conj/Ice/Air   #.........   100%        6    #######
 Mephitic Cloud           Conj/Pois/Air  #.......     45%         3    ##.....
 Ring of Flames           Chrm/Fire      ###.......   100%        7    #######
 Teleport Other           Tloc           ####....     7%          3    ##.....
 Summon Small Mammal      Summ           #...         17%         1    None
 Iskenderun's Mystic Bla  Conj           #.......     86%         4    ####...
 Animate Dead             Necr           N/A          14%         4    ####...
 Pain                     Necr           ####         1%          1    None
 Animate Skeleton         Necr           N/A          1%          1    None
 Vampiric Draining        Necr           #####.....   4%          3    ##.....
 Sticky Flame             Conj/Fire      #.......     86%         4    ####...
 Summon Ice Beast         Ice/Summ       #.......     86%         4    ####...
 Call Imp                 Summ           #.......     26%         2    None
 Sting                    Conj/Pois      #...         17%         1    None
 Tukima's Dance           Hex            ###.....     16%         3    ##.....
 Stone Arrow              Conj/Erth      ##....       30%         3    ##.....
 Spider Form              Tmut/Pois      #.........   45%         3    ##.....
 Blade Hands              Tmut           #.........   99%         5    #####..
 Ice Form                 Ice/Tmut       #.......     86%         4    ####...
 Deflect Missiles         Chrm/Air       ###.......   100%        6    #######
 Shadow Creatures         Summ           N/A          100%        6    #######
 Confusing Touch          Hex            ###...       4%          1    None
 Flame Tongue             Conj/Fire      #....        17%         1    None
 Passwall                 Tmut/Erth      ##........   16%         2    None
 Sticks to Snakes         Tmut           #.......     26%         2    None
 Call Canine Familiar     Summ           #.......     45%         3    ##.....
 Ensorcelled Hibernation  Hex/Ice        ##....       14%         2    None
 Silence                  Hex/Air        ##........   95%         5    #####..
 Static Discharge         Conj/Air       #.......     45%         3    ##.....
 Corona                   Hex            ###....      4%          1    None
 Sandblast                Erth           ###...       6%          1    None
 Conjure Ball Lightning   Conj/Air       #.........   100%        6    #######
 Portal Projectile        Hex/Tloc       ####..       10%         3    ##.....
 Petrify                  Tmut/Erth      ##......     71%         4    ####...
 Tornado                  Air            #.........   100%        9    #######
 Leda's Liquefaction      Hex/Erth       ###.......   50%         4    ####...
 Darkness                 Hex            ###.......   100%        6    #######
 Shroud of Golubria       Chrm/Tloc      ####......   4%          2    None
 Inner Flame              Hex/Fire       ##......     28%         3    ##.....
 Beastly Appendage        Tmut           #.....       17%         1    None
 Fulminant Prism          Conj/Hex       ##........   67%         4    ####...
 Dazzling Spray           Conj/Hex       ##....       28%         3    ##.....
 Discord                  Hex            ###.......   100%        8    #######
 Summon Lightning Spire   Summ/Air       #.......     86%         4    ####...
 Summon Guardian Golem    Hex/Summ       ##......     28%         3    ##.....
 Gell's Gravitas          Tloc           ####......   7%          3    ##.....
 Yara's Violent Unravell  Hex/Tmut       ##........   95%         5    #####..
 Lesser Beckoning         Tloc           ####......   7%          3    ##.....
 Poisonous Vapours        Pois/Air       #.....       26%         2    None


Dungeon Overview and Level Annotations

Branches:
Dungeon (15/15) Temple (0/1) D:5 Lair (6/6) D:10 Swamp (0/4) Lair:4 Spider (0/4) Lair:4 Orc (2/2) D:11 Elf (3/3) Orc:2 Vaults (0/5) D:12 D:13 Depths (0/5) D:15 Slime: Lair:5-6

Altars:
Ashenzari
Cheibriados
Fedhas
Gozag
Makhleb
Nemelex Xobeh
Okawaru
Qazlal
Ru
Sif Muna
Trog
Xom
Zin

Shops:
D:4 *   D:5 (   D:8 }   D:9 *   D:12 [   D:13 (   D:14 [   Orc:2 [!}%
Elf:3 *[?}![

Portals:
Pandemonium: Orc:2

Annotations:
Elf:2 corrupted


Innate Abilities, Weirdness & Mutations

You are agile. (Dex +2)
You possess an exceptional clarity of mind.
Your flesh is cold resistant. (rC+)


Message History

Unknown command.
You hit the orc warlord. You freeze the orc warlord.
The orc warlord is severely wounded.
The orc warrior hits you with a scimitar!
The orc warlord hits you with a war axe!
Unknown command.
You hit the orc warlord. You freeze the orc warlord.
The orc warlord is almost dead.
The orc warrior misses you.
The orc warlord roars a battlecry!
The orc warlord goes into a battle-frenzy!
Unknown command.
Unknown command.
You slash the orc warlord! You freeze the orc warlord.
The orc warlord is almost dead.
Your skin is crawling a little less now.
The orc warlord hits you with a war axe!!!
* * * LOW HITPOINT WARNING * * *
The orc warrior hits you with a scimitar!!
You die...

#.e.....# #...'##
#...###.# #+####.##
..#.. #.# #.# ##.## ..#.
#.# #.# ##.#### . # #.#
#.# ##.#.# ##'##.#
##'.## ##...'# #...#
#..>..#############...##
#.)...'..o@oo...)'.....#
#.....############.....#
##...## ####### #####


You could see 2 orc warlords and an orc warrior.

Vanquished Creatures
  Rupert (D:13)
  Gastronok (Lair:2)
  2 deep elf sorcerers
  5 orc warlords
  A deep elf annihilator (Elf:2)
  2 ice dragons (IceCv)
  3 hydras
  A death knight (D:14)
  2 two-headed ogres
  8 death yaks
  4 centaur warriors
  6 orc high priests
  2 deep elf knights (Elf:1)
  A sixfirhy (Orc:2)
  A torturous demonspawn (Orc:2)
  A skeletal warrior (D:15)
  A gelid demonspawn (Orc:2)
  An infernal demonspawn (Orc:2)
  An unseen horror (D:15)
  The ghost of Pikaro the Covert, a novice SpEn of Gozag (D:8)
  5 orc knights
  35 deep elf magi
  A necromancer (D:15)
  5 deep elf archers
  7 orc sorcerers
  3 ugly things (D:15)
  A slime creature (D:13)
  4 elephants (Lair:5)
  2 black mambas
  2 centaur zombies (D:15)
  2 ice statues (IceCv)
  Maurice (D:7)
  A smoke demon (Orc:2)
  20 spiny frogs
  3 rime drakes
  A yaktaur (shapeshifter) (D:12)
  A kobold demonologist (D:11)
  2 centaur skeletons
  4 komodo dragons
  A tengu conjurer (D:15)
  A jumping spider (Lair:5)
  4 trolls
  5 tyrant leeches (Lair:6)
  A wind drake (shapeshifter) (D:15)
  6 dancing weapons
  3 hornets
  29 blink frogs
  8 hippogriffs
  2 redbacks (Lair:4)
  2 air elementals
  23 yaks
  A wraith (D:13)
  A fire elemental (Elf:2)
  4 water elementals
  4 wyverns
  10 humans
  A chaos spawn (Abyss:3)
  8 vampire mosquitoes
  7 wargs
  4 water moccasins
  10 porcupines
  20 ice beasts
  39 orc warriors
  A phantom (D:9)
  3 sky beasts
  11 ogres
  39 wolves
  16 crocodiles
  6 centaurs
  22 bullfrogs
  5 big kobolds
  14 killer bees
  3 scorpions
  5 wights
  3 howler monkeys
  2 electric eels (Lair:4)
  7 crimson imps
  A bullfrog zombie (D:9)
  21 orc priests
  2 hounds
  2 gnoll shamans
  A jelly (D:7)
  16 orc wizards
  4 bullfrog skeletons
  2 iguanas
  2 worker ants (D:6)
  A killer bee zombie (D:5)
  A hound skeleton (D:7)
  A worker ant zombie (D:8)
  13 adders
  14 gnolls
  3 shadow imps
  An ooze (D:3)
  An adder skeleton (D:4)
  2 worms
  A dart slug (D:1)
  3 leopard geckos
  50 orcs
  3 giant cockroaches
  11 goblins
  11 hobgoblins
  8 jackals
  22 kobolds
  6 quokkas
  5 bats
  3 frilled lizards
  A jackal skeleton (D:4)
  A leopard gecko skeleton (D:4)
  A quokka skeleton (D:5)
  A quokka zombie (D:7)
  4 rats
  5 fungi
  A plant (D:10)
701 creatures vanquished.

Vanquished Creatures (collateral kills)
  An orc warlord (Orc:1)
  A juggernaut skeleton (D:15)
  Fannar (D:10)
  A catoblepas (D:15)
  A centaur warrior (D:15)
  7 two-headed ogres
  An ogre mage (Orc:2)
  Urug (D:13)
  An orc high priest (Orc:1)
  A flayed ghost (D:15)
  An orc knight (Orc:2)
  A wolf spider zombie (D:15)
  6 ugly things
  3 manticores
  2 cyclopes
  5 orc sorcerers
  A centaur zombie (D:15)
  2 spriggan zombies (D:15)
  2 centaur skeletons (D:15)
  A gargoyle (D:12)
  A yaktaur (D:15)
  An ice devil (Orc:2)
  A freezing wraith (D:15)
  A guardian mummy (D:15)
  2 tengu conjurers
  3 trolls
  A troll (shapeshifter) (D:15)
  A merfolk (D:13)
  2 hornets
  A slime creature (D:13)
  A deep troll zombie (D:15)
  A hippogriff (D:8)
  A water elemental (D:14)
  A shadow (D:13)
  5 yaks
  A vampire mosquito (D:14)
  5 humans
  A soldier ant (D:14)
  6 wargs
  A porcupine (Lair:1)
  An acid dragon (D:14)
  8 ice beasts
  A hornet zombie (D:15)
  7 orc warriors
  A phantom (D:11)
  2 sky beasts (D:15)
  An eye of draining (D:8)
  8 ogres
  A centaur (D:12)
  3 big kobolds
  9 bullfrogs
  2 gnoll sergeants
  2 scorpions (D:10)
  4 killer bees
  12 wights
  2 howler monkeys (D:13)
  A crimson imp (D:11)
  2 quasits
  9 orc priests
  2 jellies
  A gnoll shaman (D:8)
  An iguana (D:8)
  8 orc wizards
  6 worker ants
  9 gnolls
  2 shadow imps
  17 orcs
  A quokka (D:11)
  4 kobolds
  A plant (D:9)
205 creatures vanquished.

Vanquished Creatures (others)
  An orc knight (Orc:1)
  2 orc high priests
  3 deep elf archers (Elf:2)
  2 orc sorcerers
  A deep elf mage (Elf:2)
  15 orc warriors
  An air elemental (Elf:2)
  A bullfrog (D:8)
  14 orc priests
  8 orc wizards
  A worker ant (D:4)
  42 orcs
  3 bushes
  35 fungi
  67 plants
  4 withered plants (D:15)
200 creatures vanquished.

Grand Total: 1106 creatures vanquished

Notes
Turn   | Place    | Note
-------+----------+-------------------------------------------
     0 | D:1      | 4thArraOfDagon the Hill Orc Enchanter began the quest for the Orb.
     0 | D:1      | Reached XP level 1. HP: 14/14 MP: 3/3
   229 | D:1      | :O
   559 | D:1      | Reached XP level 2. HP: 20/20 MP: 2/4
   563 | D:1      | Learned a level 2 spell: Ensorcelled Hibernation
  1048 | D:2      | Reached XP level 3. HP: 24/26 MP: 5/5
  1058 | D:2      | Found a faded altar of an unknown god.
  1330 | D:2      | Found a sacrificial altar of Ru.
  1424 | D:2      | Found a sparkling altar of Nemelex Xobeh.
  1740 | D:3      | Reached XP level 4. HP: 28/33 MP: 0/6
  1830 | D:3      | Reached skill level 1 in Axes
  1905 | D:4      | Noticed an ogre
  1917 | D:3      | Learned a level 3 spell: Confuse
  2015 | D:4      | Found Ziad's Assorted Antiques.
  2167 | D:4      | Reached skill level 1 in Fighting
  2167 | D:4      | Reached skill level 2 in Axes
  2260 | D:4      | Became a worshipper of Beogh the Brigand
  2315 | D:4      | Reached XP level 5. HP: 33/40 MP: 5/7
  2846 | D:2      | Reached skill level 3 in Axes
  3322 | D:1      | Reached skill level 1 in Invocations
  4103 | D:4      | Reached skill level 4 in Axes
  4115 | D:4      | Reached XP level 6. HP: 50/50 MP: 4/8
  4177 | D:5      | Entered Level 5 of the Dungeon
  4482 | D:4      | Reached * piety under Beogh
  4716 | D:4      | Reached skill level 5 in Axes
  5081 | D:5      | Noticed a sky beast
  5093 | D:5      | Killed a sky beast
  5093 | D:5      | Reached XP level 7. HP: 33/57 MP: 7/9
  5282 | D:4      | Reached skill level 6 in Axes
  5435 | D:5      | Found a staircase to the Ecumenical Temple.
  5729 | D:5      | Found Hiux's Antique Weapon Shop.
  5935 | D:5      | Reached skill level 1 in Armour
  5977 | D:5      | Bought a translucent great mace for 276 gold pieces
  5977 | D:5      | Identified the cursed +1 great mace "Orc's Foe" {crush, *Contam +Fly MR+ Int+6} (You bought it in a shop on level 5 of the Dungeon)
  5993 | D:6      | Found a shattered altar of Ashenzari.
  6012 | D:6      | Found a bloodstained altar of Trog.
  6033 | D:6      | Reached ** piety under Beogh
  6106 | D:6      | Reached skill level 7 in Axes
  6113 | D:6      | Reached XP level 8. HP: 34/67 MP: 7/11
  6384 | D:6      | Found a sparkling altar of Nemelex Xobeh.
  6670 | D:6      | Reached skill level 5 in Fighting
  6723 | D:6      | Reached skill level 8 in Axes
  6723 | D:6      | Reached skill level 5 in Invocations
  7041 | D:6      | Found a blossoming altar of Fedhas.
  7043 | D:6      | Found a shimmering altar of Xom.
  7044 | D:6      | Found a snail-covered altar of Cheibriados.
  7044 | D:6      | Found an iron altar of Okawaru.
  7044 | D:6      | Found an opulent altar of Gozag.
  7045 | D:6      | Found a stormy altar of Qazlal.
  7539 | D:6      | Reached skill level 9 in Axes
  7550 | D:6      | Reached XP level 9. HP: 73/75 MP: 13/13
  8197 | D:7      | Reached *** piety under Beogh
  8490 | D:7      | 4thArraOfDagon: ??lignification
  8490 | D:7      | XtahuaRules: potion of lignification[1/2]: Causes temporary uncancellable (but cancellationable!) {tree form}.
  8490 | D:7      | 4thArraOfDagon: ??tree form
  8490 | D:7      | XtahuaRules: tree form[1/3]: Immobile form with -Tele, +50% HP, 20 + XL/2 AC, minimal EV, rN+++, rPois, torment immunity, and gives +12 base UC damage. Unlike statue form, tree form does NOT give rot or poison immunity.
  8501 | D:7      | Reached skill level 10 in Axes
  9119 | D:8      | Noticed Maurice
  9426 | D:8      | Noticed a two-headed ogre
  9446 | D:7      | Killed Maurice
  9446 | D:7      | Reached skill level 5 in Armour
  9708 | D:8      | Reached skill level 11 in Axes
  9718 | D:8      | Killed a two-headed ogre
  9718 | D:8      | Reached XP level 10. HP: 73/86 MP: 16/16
  9754 | D:8      | Found Qiof's Gadget Shoppe.
  9816 | D:8      | Noticed Pikaro's ghost (novice SpEn)
  9819 | D:8      | Killed Pikaro's ghost
  9819 | D:8      | Reached skill level 12 in Axes
 10494 | D:8      | Identified the +3 ring mail of Pessimism {*Drain MR++ Str+4 Slay+2} (You found it on level 8 of the Dungeon)
 10771 | D:9      | Reached skill level 13 in Axes
 10979 | D:9      | Noticed a two-headed ogre
 10987 | D:9      | Killed a two-headed ogre
 10987 | D:9      | Reached XP level 11. HP: 85/94 MP: 18/18
 10987 | D:9      | Gained Orik as an ally
 11030 | D:9      | Found Keyg Voh's Assorted Antiques.
 11045 | D:9      | Bought a scroll labeled MIALUG XITSYPU for 23 gold pieces
 11056 | D:9      | Found a glowing silver altar of Zin.
 11056 | D:9      | Found a burning altar of Makhleb.
 11057 | D:9      | Noticed an Executioner
 11057 | D:9      | Noticed an angel
 11193 | D:10     | Entered Level 10 of the Dungeon
 11283 | D:10     | Reached skill level 10 in Invocations
 11286 | D:10     | Noticed a two-headed ogre
 11293 | D:10     | Killed a two-headed ogre
 11293 | D:10     | Reached skill level 14 in Axes
 11301 | D:10     | Noticed Fannar
 11323 | D:10     | Killed Fannar
 11731 | D:10     | Found a staircase to the Lair.
 11748 | Lair:1   | Entered Level 1 of the Lair of Beasts
 11807 | Lair:1   | Noticed a seven-headed hydra
 11828 | Lair:1   | Reached **** piety under Beogh
 12116 | D:11     | Learned a level 5 spell: Lee's Rapid Deconstruction
 12138 | D:11     | Reached skill level 15 in Axes
 12172 | D:11     | Noticed a green ugly thing
 12177 | D:11     | Noticed a purple ugly thing
 12180 | D:11     | Killed a green ugly thing
 12184 | D:11     | Killed a purple ugly thing
 12206 | D:11     | Found a staircase to the Orcish Mines.
 12283 | D:11     | Reached ***** piety under Beogh
 12422 | D:12     | Noticed a cyclops
 12429 | D:12     | Killed a cyclops
 12429 | D:12     | Gained Bogric as an ally
 12457 | D:12     | Found Zidweuc's Antique Armour Boutique.
 12478 | D:12     | Noticed a cyan ugly thing
 12487 | D:12     | Killed a cyan ugly thing
 12487 | D:12     | Reached skill level 16 in Axes
 12501 | D:12     | Your ally Bogric died
 12506 | D:12     | Reached XP level 12. HP: 71/102 MP: 20/20
 12603 | D:12     | Learned a level 3 spell: Regeneration
 12610 | D:12     | Found a frozen archway.
 12637 | D:12     | Reached skill level 1 in Necromancy
 12697 | IceCv    | Entered an ice cave
 12709 | IceCv    | Reached skill level 1 in Charms
 13057 | IceCv    | Noticed an ice dragon
 13060 | IceCv    | Noticed an ice dragon
 13066 | IceCv    | Killed an ice dragon
 13085 | IceCv    | Killed an ice dragon
 13380 | D:12     | Upgraded the game from 0.22-a0-414-gacd343e to 0.22-a0-417-g1387785
 13702 | D:12     | 4thArraOfDagon: hey
 13852 | D:13     | Found a gate to the Vaults.
 13852 | D:13     | Noticed Rupert
 13852 | D:13     | Noticed Urug
 13852 | D:13     | Noticed a centaur warrior
 13861 | D:12     | Reached skill level 17 in Axes
 14033 | D:13     | Found Nibe's Weapon Boutique.
 14087 | D:13     | Noticed a centaur warrior
 14104 | D:13     | Killed a centaur warrior
 14126 | D:13     | Got a steaming shortbow
 14253 | D:13     | Killed Urug
 14253 | D:13     | Reached skill level 5 in Necromancy
 14253 | D:13     | Reached XP level 13. HP: 96/107 MP: 22/22
 14372 | D:13     | Killed Rupert
 14681 | D:14     | Learned a level 2 spell: Blink
 14835 | D:14     | Found Mitanofa's Armour Boutique.
 14898 | D:14     | Found an iron altar of Okawaru.
 15146 | D:15     | Entered Level 15 of the Dungeon
 15182 | D:15     | Reached skill level 18 in Axes
 15554 | D:15     | Found a glowing silver altar of Zin.
 15607 | D:15     | Identified the +5 shortbow of Coliusucw {venom, rElec rF+ rC+} (You found it on level 13 of the Dungeon)
 15642 | D:15     | Reached skill level 19 in Axes
 15695 | D:15     | Found a staircase to the Depths.
 15791 | D:15     | Reached XP level 14. HP: 57/115 MP: 24/24
 15791 | D:15     | Gained Bolgrim as an ally
 16152 | Orc:1    | Entered Level 1 of the Orcish Mines
 16167 | Orc:1    | Gained Arbeogh as an ally
 16229 | Orc:1    | Noticed an orc warlord
 16245 | Orc:1    | Killed an orc warlord
 16245 | Orc:1    | Your ally Bolgrim died
 16246 | Orc:1    | Your ally Arbeogh died
 16249 | Orc:1    | Gained Wardok as an ally
 16249 | Orc:1    | Gained Bolgrim as an ally
 16516 | Orc:2    | Entered Level 2 of the Orcish Mines
 16620 | Orc:2    | Found a staircase to the Elven Halls.
 16687 | Orc:2    | Reached skill level 20 in Axes
 16817 | Orc:2    | Found Vadoej's Food Emporium.
 16904 | Orc:2    | Found Luci Omo's Distillery.
 17535 | Orc:2    | Reached skill level 21 in Axes
 17562 | Orc:2    | Found Qogaerr's Antique Armour Shop.
 17562 | Orc:2    | Found Feurrit's Gadget Boutique.
 17562 | Orc:2    | Found a one-way gate leading to the halls of Pandemonium.
 17572 | Orc:2    | Bought the +3 pair of gauntlets of War {Slay+5} for 1235 gold pieces
 17572 | Orc:2    | Found the +3 pair of gauntlets of War {Slay+5}
 17582 | Orc:2    | Bought a heavily runed ring mail for 234 gold pieces
 17596 | Orc:2    | Identified the +3 ring mail of the Sturgeon {+Inv Dex+6 Slay+2 SInv} (You bought it in a shop on level 2 of the Orcish Mines)
 17606 | Orc:2    | Cast into level 3 of the Abyss (a distortion unwield)
 17606 | Abyss:3  | Found a corrupted altar of Lugonu.
 17695 | Abyss:3  | Found a corrupted altar of Lugonu.
 17703 | Abyss:3  | Noticed a lich
 17709 | Abyss:3  | Found a corrupted altar of Lugonu.
 17736 | Abyss:3  | Found a corrupted altar of Lugonu.
 17741 | Abyss:3  | have to
 17741 | Abyss:3  | Fell from the grace of Beogh
 17741 | Abyss:3  | Became a worshipper of Lugonu the Unformed
 17741 | Abyss:3  | Reached * piety under Lugonu
 17768 | Abyss:3  | Got a warped glaive
 17797 | Orc:2    | Escaped the Abyss
 17838 | Orc:2    | Bought a potion of haste for 150 gold pieces
 17838 | Orc:2    | Bought a potion of haste for 150 gold pieces
 18362 | Lair:2   | Noticed Gastronok
 18393 | Lair:2   | Killed Gastronok
 18413 | Lair:2   | Learned a level 1 spell: Apportation
 18537 | Lair:2   | Got a ripped robe
 18622 | Lair:2   | Noticed Morun
 18668 | Lair:1   | Reached ** piety under Lugonu
 18668 | Lair:1   | Reached skill level 22 in Axes
 18727 | Lair:1   | Gained mutation: You do not regenerate when monsters are visible. [potion of mutation]
 18727 | Lair:1   | Gained mutation: You are frail. (-10% HP) [potion of mutation]
 18727 | Lair:1   | Lost mutation: You are frail. (-10% HP) [potion of mutation]
 18727 | Lair:1   | Gained mutation: You possess an exceptional clarity of mind. [potion of mutation]
 18728 | Lair:1   | Lost mutation: You possess an exceptional clarity of mind. [potion of mutation]
 18728 | Lair:1   | Lost mutation: You do not regenerate when monsters are visible. [potion of mutation]
 18728 | Lair:1   | Gained mutation: Your flesh is cold resistant. (rC+) [potion of mutation]
 18728 | Lair:1   | Gained mutation: You possess an exceptional clarity of mind. [potion of mutation]
 18728 | Lair:1   | Gained mutation: You are agile. (Dex +2) [potion of mutation]
 18945 | Lair:3   | Identified the cursed +1 robe of Wusej {SInv} (You found it on level 2 of the Lair of Beasts)
 18976 | Lair:3   | Noticed Boghold
 19019 | Lair:3   | Found a deep blue altar of Sif Muna.
 19082 | Lair:3   | Learned a level 4 spell: Passage of Golubria
 19108 | Lair:3   | Reached skill level 1 in Translocations
 19118 | Lair:3   | Reached XP level 15. HP: 51/121 MP: 21/25
 19351 | Lair:4   | Found a hole to the Spider Nest.
 19578 | Lair:4   | Reached *** piety under Lugonu
 19672 | Lair:4   | Found a staircase to the Swamp.
 19702 | Lair:4   | Noticed an orc warlord
 19767 | Lair:4   | Killed an orc warlord
 20104 | Lair:5   | Identified the +9 glaive of the Several Moons {freeze, +Inv rF++ rC- rN+} (You found it on level 3 of the Abyss)
 20288 | Lair:5   | Identified the cursed +1 leather armour "Vucemua" {rElec rPois Int-5} (You found it on level 5 of the Lair of Beasts)
 20420 | Lair:6   | Entered Level 6 of the Lair of Beasts
 20614 | Lair:6   | Reached **** piety under Lugonu
 20896 | Lair:6   | Noticed an orc warlord
 21090 | Lair:6   | Reached ***** piety under Lugonu
 21090 | Lair:6   | Reached skill level 5 in Translocations
 21131 | Lair:6   | Reached skill level 23 in Axes
 21459 | Lair:6   | Killed an orc warlord
 21799 | Lair:4   | Found the +2 hat of the Bear Spirit {Spirit, +Rage rN+ MR++}
 22055 | Lair:2   | Killed Morun the orc warlord
 22254 | Elf:1    | Entered Level 1 of the Elven Halls
 22268 | Elf:1    | Reached skill level 1 in Evocations
 22397 | Elf:1    | Reached skill level 5 in Dodging
 22418 | Elf:1    | Reached XP level 16. HP: 108/128 MP: 21/26
 23027 | Elf:2    | Corrupted Elf:2
 23027 | Elf:2    | Noticed a bone dragon
 23224 | Elf:2    | Learned a level 5 spell: Borgnjor's Vile Clutch
 23299 | Elf:2    | Reached skill level 5 in Evocations
 23389 | Elf:1    | Reached skill level 1 in Earth Magic
 23427 | Elf:1    | Identified the Compendium of Supportive Conjuration
 23596 | Elf:3    | Entered Level 3 of the Elven Halls
 23598 | Elf:3    | Found Birer's Antique Armour Shop.
 23606 | Elf:3    | Bought a twisted cloak for 370 gold pieces
 23606 | Elf:3    | Identified the +2 cloak "Tauzeses" {Dex+2} (You bought it in a shop on level 3 of the Elven Halls)
 23639 | Elf:3    | Found Gojis's Distillery.
 23639 | Elf:3    | Found Fets's Antique Armour Shoppe.
 23641 | Elf:3    | Found Qomynu's Magic Scroll Shoppe.
 23642 | Elf:3    | Found Vuical's Gadget Emporium.
 23680 | Elf:3    | Bought a potion of heal wounds for 105 gold pieces
 23680 | Elf:3    | Bought a potion of heal wounds for 105 gold pieces
 23683 | Elf:3    | Bought a scroll of teleportation for 54 gold pieces
 23683 | Elf:3    | Bought a scroll of teleportation for 54 gold pieces
 23683 | Elf:3    | Bought a scroll of teleportation for 54 gold pieces
 23683 | Elf:3    | Bought a scroll of teleportation for 54 gold pieces
 23683 | Elf:3    | Bought a scroll of blinking for 135 gold pieces
 23683 | Elf:3    | Bought a scroll of magic mapping for 63 gold pieces
 23686 | Elf:3    | Found Zaos's General Store.
 23929 | Elf:2    | Mangled by an orc warrior

Vault maps used:
D:1:      dpeg_arrival_connections, minmay_pentomino_r4
D:2:      old_standard_altar, chequers_ecumenical_altar_island,
          grunt_ministairs_8, nemelex_diamond_rough_becter
D:3:      first_ration
D:4:      corexii_shack_village, serial_shops, shop_fountains, abandoned_shop,
          minmay_misc_feat_rugged
D:5:      temple_doors_e, serial_shops, kennysheep_mini
D:6:      grunt_temple_overflow_open, lightli_temple_of_fire, basic_altar
D:8:      serial_shops, shop, uniq_maurice
D:9:      grunt_temple_overflow_order_and_chaos_2, serial_shops,
          nicolae_shop_overgrown_old_shop
D:10:     grunt_lair_entry_orc_guard_hut, uniq_fannar
D:11:     minmay_goldmine, minmay_orc_entry_guard_dogs, special_room
D:12:     serial_shops, nicolae_shop_waterfront,
          portal_ice_cave_entry_ice_beasts
D:13:     david_vaults_3, serial_shops, nicolae_shop_behind_doors,
          hangedman_stone_soup
D:14:     okawaru_ov_weapons_minmay, serial_shops, shop, serial_bayou_pond_b
D:15:     gammafunk_depths_entry_grave, hangedman_abyss_or_decor_lesser_grid,
          basic_altar
Lair:2:   st_stairs_8, uniq_gastronok
Lair:3:   basic_altar, st_stairs_12
Lair:4:   minmay_swamp_entry_eels, spider_nest_entry_funnel_web,
          beast_lair_carwin_9
Lair:5:   minivault_11, lemuel_fruit_tree, grunt_megastairs_2
Lair:6:   minmay_lair_end_frog_pond, slime_altar_1, grunt_forest_large_clearings
Orc:2:    pf_orc_diabolical
Elf:1:    eino_elf_arrival_shootout, minmay_elf_sorcery
Elf:3:    elf_hall, serial_shops, shop, shop, minmay_shoptagon,
          basic_stair_grate_trap
IceCv:    ice_cave_small_dragons

Skill      XL: |  1  2  3  4  5  6  7  8  9 10 11 12 13 14 15 16 |
---------------+-------------------------------------------------+-----
Short Blades   | 2 3 |  3.6
Axes           | 2 4 5 7 9 11 13 16 17 19 22 23 | 23.9
Fighting       | 1 2 3 4 5 7 8 |  8.2
Invocations    | 1 3 4 5 8 9 11 12 14 | 14.2
Armour         | 1 3 5 6 |  6.4
Spellcasting   | 3 4 |  4.1
Necromancy     | 5 6 |  6.0
Charms         | 4 |  4.0
Dodging        | 2 5 |  5.9
Translocations | 1 5 |  5.0
Evocations     | 2 5 |  5.6
Earth Magic    | 2 |  2.4
Stealth        | |  2.4
Hexes          | |  3.0

Action                   |  1- 3 |  4- 6 |  7- 9 | 10-12 | 13-15 | 16-18 || total
-------------------------+-------+-------+-------+-------+-------+-------++-------
Melee: Dagger            |   117 |   138 |       |       |       |       ||   255
       Hand axe          |       |    83 |       |       |       |       ||    83
       War axe           |       |    25 |       |   424 |   739 |       ||  1188
       Short sword       |       |     7 |   465 |   108 |       |       ||   580
       Glaive            |       |       |       |       |   455 |   245 ||   700
 Fire: Blowgun           |       |     7 |       |       |       |       ||     7
 Cast: Corona            |    24 |    27 |    12 |       |       |       ||    63
       Ensorcelled Hiber |    18 |    18 |     1 |       |       |       ||    37
       Confuse           |       |     6 |    10 |       |       |       ||    16
       Regeneration      |       |       |       |       |   112 |    46 ||   158
Invok: Convert to Beogh  |       |     1 |       |       |       |       ||     1
       Smiting           |       |       |     2 |    27 |    40 |       ||    69
       Recall Orcish Fol |       |       |       |     3 |     4 |       ||     7
       Depart the Abyss  |       |       |       |       |     1 |       ||     1
       Bend Space        |       |       |       |       |       |     1 ||     1
       Corrupt           |       |       |       |       |       |     1 ||     1
 Abil: Evoke Invisibilit |       |       |       |       |     1 |       ||     1
       Evoke Berserk Rag |       |       |       |       |       |     2 ||     2
Evoke: Wand              |       |       |    14 |     4 |     5 |       ||    23
       Box of beasts     |       |       |       |       |     2 |       ||     2
       Lightning rod     |       |       |       |       |       |     4 ||     4
  Use: Potion            |     1 |       |     1 |     2 |     3 |     2 ||     9
       Scroll            |     6 |     6 |     9 |    10 |    21 |     4 ||    56
 Stab: Sleeping          |    12 |    12 |     1 |       |     3 |     1 ||    29
       Confused          |       |       |     4 |     2 |       |       ||     6
       Paralysed         |       |       |     5 |       |       |       ||     5
       Invisible         |       |       |     1 |       |     3 |       ||     4
       Distracted        |       |       |       |     4 |     6 |       ||    10
       Petrified         |       |       |       |       |     6 |       ||     6
  Eat: Chunk             |     5 |    15 |    20 |    11 |    28 |     2 ||    81
       Ration            |       |       |     3 |       |     4 |     3 ||    10
Armor: Robe              |    17 |    38 |     2 |       |       |       ||    57
       Ring mail         |       |    27 |    32 |    80 |   259 |    81 ||   479
       Chain mail        |       |       |   213 |    73 |       |       ||   286
       Troll leather arm |       |       |       |   107 |   205 |       ||   312
Dodge: Dodged            |    78 |   164 |   137 |   231 |   568 |    98 ||  1276

Table legend:
 A = Spawn XP
 B = Non-spawn XP
 C = Spawn XP percentage of total XP
 D = Spawn monster count
 E = Non-spawn monster count
 F = Spawn count percentage of total count
 G = Total turns spent on level
                    A         B        C        D         E        F      G
               +---------+---------+-------+---------+---------+-------+---------
         Total |     183 |  156171 |   0.1 |       1 |     815 |   0.1 | 23929
               +---------+---------+-------+---------+---------+-------+---------
           D:1 |       0 |      71 |   0.0 |       0 |      25 |   0.0 |  1439
           D:2 |       0 |      43 |   0.0 |       0 |      15 |   0.0 |   969
           D:3 |       0 |      88 |   0.0 |       0 |      19 |   0.0 |  1231
           D:4 |       0 |     369 |   0.0 |       0 |      28 |   0.0 |  1449
           D:5 |       0 |     595 |   0.0 |       0 |      18 |   0.0 |  1128
           D:6 |       0 |    1508 |   0.0 |       0 |      31 |   0.0 |  1845
           D:7 |       0 |    1577 |   0.0 |       0 |      31 |   0.0 |  1634
           D:8 |       0 |    3874 |   0.0 |       0 |      37 |   0.0 |   886
           D:9 |       0 |    1941 |   0.0 |       0 |      24 |   0.0 |   612
          D:10 |       0 |    2542 |   0.0 |       0 |      23 |   0.0 |   757
          D:11 |       0 |    3884 |   0.0 |       0 |      45 |   0.0 |   543
          D:12 |       0 |    6091 |   0.0 |       0 |      43 |   0.0 |   810
          D:13 |       0 |    9008 |   0.0 |       0 |      41 |   0.0 |   718
          D:14 |       0 |    4070 |   0.0 |       0 |      24 |   0.0 |   663
          D:15 |       0 |   13484 |   0.0 |       0 |      44 |   0.0 |   860
        Lair:1 |       0 |    6766 |   0.0 |       0 |      29 |   0.0 |   630
        Lair:2 |       0 |    5146 |   0.0 |       0 |      15 |   0.0 |   525
        Lair:3 |       0 |    5652 |   0.0 |       0 |      12 |   0.0 |   630
        Lair:4 |       0 |    2804 |   0.0 |       0 |      16 |   0.0 |   635
        Lair:5 |       0 |    8151 |   0.0 |       0 |      30 |   0.0 |   718
        Lair:6 |       0 |   22120 |   0.0 |       0 |      94 |   0.0 |  1180
         Orc:1 |       0 |    4107 |   0.0 |       0 |      38 |   0.0 |   366
         Orc:2 |       0 |   14082 |   0.0 |       0 |      58 |   0.0 |  1279
         Elf:1 |       0 |   22500 |   0.0 |       0 |      38 |   0.0 |   820
         Elf:2 |       0 |    6767 |   0.0 |       0 |      12 |   0.0 |   453
         Elf:3 |       0 |    3604 |   0.0 |       0 |       5 |   0.0 |   316
       Abyss:3 |     183 |       0 | 100.0 |       1 |       0 | 100.0 |   191
         IceCv |       0 |    5327 |   0.0 |       0 |      20 |   0.0 |   642
               +---------+---------+-------+---------+---------+-------+---------
